 Dungeon Sprint DCSS version 0.22-a0-750-ga7dcef7 (webtiles) character file.

484 collin38 the Protected (level 6, -1/63 HPs)
             Began as a Minotaur Fighter on July 15, 2018.
             Was a Follower of Makhleb.
             Slain by a killer bee (3 damage)
             ... in the Dungeon (Sprint IV: "Fedhas' Mad Dash").
             The game lasted 00:02:40 (792 turns).

collin38 the Protected (Minotaur Fighter)            Turns: 792, Time: 00:02:41

Health: -1/63      AC:  8    Str: 20    XL:     6   Next: 88%
Magic:  4/8        EV:  8    Int:  5    God:    Makhleb [*.....]
Gold:   87         SH: 11    Dex: 12    Spells: 5/5 levels left

rFire    . . .     SeeInvis .   a - +0 long sword
rCold    . . .     Gourm    .   c - +0 shield
rNeg     . . .     Faith    .   b - +0 scale mail
rPois    .         Spirit   .   (helmet restricted)
rElec    .         Reflect  .   (no cloak)
rCorr    .         Harm     .   (no gloves)
MR       .....     NoTele   +   (no boots)
Stlth    ..........             l - amulet of invisibility {+Inv}
HPRegen  0.20/turn              (no ring)
MPRegen  0.11/turn              (no ring)

@: lethally poisoned (-1 -> -32), berserk cooldown, hasted and slowed
A: retaliatory headbutt, horns 2
a: Renounce Religion, Evoke Invisibility


You were in the Dungeon.
You worshipped Makhleb.
Makhleb was aware of your devotion.
You were not hungry.

You visited 1 branch You collected 87 gold pieces.

Inventory:

Hand Weapons
 a - a +0 long sword (weapon)
Armour
 b - a +0 scale mail (worn)
 c - a +0 shield (worn)
Jewellery
 l - the amulet of invisibility (around neck) {+Inv}
   (You found it in the Dungeon)

   [amulet of nothing]

   It lets you turn invisible.
Potions
 g - a potion of heal wounds
 i - 2 potions of magic
Comestibles
 f - a ration


   Skills:
 + Level 9.0 Fighting
 + Level 8.5 Long Blades
 + Level 9.0 Armour
 + Level 9.0 Shields
 + Level 5.0 Invocations
 - Level 1.8 Evocations


You had 5 spell levels left.
You didn't know any spells.
Your spell library was empty.

Dungeon Overview and Level Annotations

Branches:
Dungeon (1/1)

Altars:
Cheibriados
Dithmenos
Elyvilon
Gozag
Hepliaklqana
Kikubaaqudgha
Makhleb
Nemelex Xobeh
Okawaru
Qazlal
Ru
Sif Muna
Trog
Uskayaw
Vehumet
Wu Jian
Xom
Yredelemnul
Zin
The Shining One
Beogh
Jiyva
Lugonu


Innate Abilities, Weirdness & Mutations

You reflexively headbutt those who attack you in melee.
You have a pair of horns on your head.


Message History

The killer bee stings you but does no damage.
You block the killer bee's attack.
You barely miss the killer bee. Your headbutt misses the killer bee.
* * * LOW HITPOINT WARNING * * *
You feel sick. The killer bee stings you!
* * * LOW HITPOINT WARNING * * *
You completely miss the killer bee.
* * * LOW HITPOINT WARNING * * *
You feel sick.
The killer bee stings you but does no damage.
You are too berserk!
You are too berserk!
Unknown command.
You miss the killer bee.
You are no longer berserk.
You are exhausted.
You feel yourself slow down.
* * * LOW HITPOINT WARNING * * *
You feel sick. The killer bee closely misses you. The killer bee stings you.
You die...

########################
#<..P#.....#.....#.⌠._._
#PP..'.....'.#[).'.._._.
#PPPP#.....#.#...#..._._
###############'##.._._.
#...♣........'...#._._._
#%....y♣.....#...#######
♣@.♣..###### #+#####


You could see a killer bee.

Vanquished Creatures
  A queen bee (D)
  3 killer bees (D)
  3 oklob saplings (D)
  A worker ant (D)
  A river rat (D)
  A rat (D)
10 creatures vanquished.

Notes
Turn   | Place    | Note
-------+----------+-------------------------------------------
     0 | D        | collin38 the Minotaur Fighter began the quest for the Orb.
     0 | D        | Reached XP level 1. HP: 19/19 MP: 0/0
    11 | D        | Reached XP level 2. HP: 26/28 MP: 1/1
    36 | D        | Noticed an oklob sapling
   387 | D        | Killed an oklob sapling
   387 | D        | Reached skill level 5 in Fighting
   387 | D        | Reached skill level 5 in Armour
   387 | D        | Reached skill level 5 in Shields
   387 | D        | Reached XP level 3. HP: 36/36 MP: 2/2
   490 | D        | Found the amulet of invisibility {+Inv}
   494 | D        | Reached skill level 5 in Long Blades
   695 | D        | Found an opulent altar of Gozag.
   695 | D        | Found a hazy altar of Hepliaklqana.
   695 | D        | Found a burning altar of Makhleb.
   695 | D        | Found a roughly hewn altar of Beogh.
   695 | D        | Found a sparkling altar of Nemelex Xobeh.
   695 | D        | Found a snail-covered altar of Cheibriados.
   695 | D        | Found a sacrificial altar of Ru.
   695 | D        | Found a deep blue altar of Sif Muna.
   695 | D        | Found a shimmering altar of Xom.
   695 | D        | Found a basalt altar of Yredelemnul.
   696 | D        | Found a viscous altar of Jiyva.
   696 | D        | Found a bloodstained altar of Trog.
   696 | D        | Found an ornate altar of the Wu Jian Council.
   696 | D        | Noticed an oklob sapling priest
   699 | D        | Found an iron altar of Okawaru.
   699 | D        | Found a stormy altar of Qazlal.
   699 | D        | Found a hide-covered altar of Uskayaw.
   699 | D        | Found an ancient bone altar of Kikubaaqudgha.
   699 | D        | Found a radiant altar of Vehumet.
   699 | D        | Found a corrupted altar of Lugonu.
   699 | D        | Found a glowing silver altar of Zin.
   699 | D        | Found a shadowy altar of Dithmenos.
   699 | D        | Found a glowing golden altar of the Shining One.
   699 | D        | Found a white marble altar of Elyvilon.
   701 | D        | Killed an oklob sapling priest
   701 | D        | Reached skill level 1 in Evocations
   701 | D        | Reached XP level 4. HP: 45/45 MP: 2/4
   726 | D        | Became a worshipper of Makhleb the Destroyer
   735 | D        | Reached skill level 1 in Invocations
   763 | D        | Noticed a queen bee
   781 | D        | Killed a queen bee
   781 | D        | Reached XP level 5. HP: 32/55 MP: 4/7
   781 | D        | Reached XP level 6. HP: 36/62 MP: 4/8
   784 | D        | Reached * piety under Makhleb
   787 | D        | Reached skill level 5 in Invocations
   791 | D        | HP: 4/94 [poisoned by a killer bee]
   792 | D        | Slain by a killer bee

Vault maps used:
D:        dungeon_sprint_fedhas

Skill      XL: |  1  2  3  4  5  6 |
---------------+-------------------+-----
Fighting       | 4 5 6 8 9 |  9.0
Long Blades    | 3 4 5 7 8 |  8.5
Armour         | 4 5 6 8 9 |  9.0
Shields        | 4 5 6 8 9 |  9.0
Evocations     | 1 |  1.8
Invocations    | 4 5 |  5.0

Action                   |  1- 3 |  4- 6 || total
-------------------------+-------+-------++-------
Melee: Long sword        |    17 |    26 ||    43
       Headbutt          |     5 |     4 ||     9
  Use: Potion            |     1 |     3 ||     4
       Scroll            |     1 |       ||     1
Armor: Scale mail        |     3 |     8 ||    11
Dodge: Dodged            |     7 |    10 ||    17
Block: Shield            |     6 |     8 ||    14
       Rpst.: Long sword |     2 |     1 ||     3

Table legend:
 A = Spawn XP
 B = Non-spawn XP
 C = Spawn XP percentage of total XP
 D = Spawn monster count
 E = Non-spawn monster count
 F = Spawn count percentage of total count
 G = Total turns spent on level
                    A         B        C        D         E        F      G
               +---------+---------+-------+---------+---------+-------+---------
         Total |       0 |     692 |   0.0 |       0 |      10 |   0.0 |   792
               +---------+---------+-------+---------+---------+-------+---------
             D |       0 |     692 |   0.0 |       0 |      10 |   0.0 |   792
               +---------+---------+-------+---------+---------+-------+---------
